 Dungeon Crawl Stone Soup version 0.23-a0-164-g7711e57 (webtiles) character file.

2028 Gildeon the Cleaver (level 9, 0/74 HPs)
             Began as a Minotaur Fighter on Sept 8, 2018.
             Was a Believer of Nemelex Xobeh.
             Slain by a bullfrog (4 damage)
             ... on level 6 of the Dungeon on Sept 9, 2018.
             The game lasted 00:17:31 (3871 turns).

Gildeon the Cleaver (Minotaur Fighter)              Turns: 3871, Time: 00:17:32

Health: 0/74       AC:  9    Str: 23    XL:     9   Next: 3%
Magic:  11/11      EV: 10    Int:  5    God:    Nemelex Xobeh [**....]
Gold:   210        SH:  0    Dex: 11    Spells: 8/8 levels left

rFire    x . .     SeeInvis .   a - +1 war axe
rCold    + . .     Gourm    .   (no shield)
rNeg     . . .     Faith    .   t - +0 chain mail
rPois    .         Spirit   .   (helmet restricted)
rElec    .         Reflect  .   (no cloak)
rCorr    .         Harm     +   (no gloves)
MR       +....                  (no boots)
Stlth    ..........             q - amulet of harm
HPRegen  0.22/turn              r - ring of ice
MPRegen  0.12/turn              l - ring of protection from magic

@: no status effects
A: retaliatory headbutt, horns 2
a: Renounce Religion


You were on level 6 of the Dungeon.
You worshipped Nemelex Xobeh.
Nemelex Xobeh was pleased with you.
You were hungry.

You visited 1 branch of the dungeon, and saw 6 of its levels.

You collected 210 gold pieces.

Inventory:

Hand Weapons
 a - a +1 war axe (weapon)
 x - a +2 scythe of flaming
Armour
 t - a +0 chain mail (worn)
Jewellery
 l - a ring of protection from magic (right hand)
 q - an amulet of harm (around neck)
 r - a ring of ice (left hand)
Wands
 c - a wand of disintegration (17)
Scrolls
 b - 2 scrolls of teleportation
 h - a scroll of identify
 i - a scroll of blinking
 n - a scroll of enchant weapon
 u - a scroll of remove curse
 y - 2 scrolls of amnesia
Potions
 d - a potion of might
 e - a potion of cancellation
 j - 2 potions of heal wounds
 k - a potion of curing
 o - a potion of lignification {unknown}
 p - a potion of flight {unknown}
 v - a potion of berserk rage {unknown}
Miscellaneous
 m - a plain deck of summoning {drawn: 3}
 s - a plain deck of escape {drawn: 3}
 w - a plain deck of destruction {drawn: 6}
Comestibles
 f - 12 rations
 g - 4 chunks of flesh


   Skills:
 - Level 5.0 Fighting
 * Level 10.3 Axes
 - Level 5.0 Armour
 - Level 5.4 Dodging
   Level 3.6 Shields
 + Level 4.8 Invocations
 + Level 0.0 Evocations


You had 8 spell levels left.
You didn't know any spells.
Your spell library was empty.

Dungeon Overview and Level Annotations

Branches:
Dungeon (6/15)
 Temple: D:4-7

Altars:
Ashenzari
Elyvilon
Kikubaaqudgha
Makhleb
Nemelex Xobeh
Ru
Vehumet


Innate Abilities, Weirdness & Mutations

You reflexively headbutt those who attack you in melee.
You have a pair of horns on your head.


Message History

The two-headed ogre is splashed with acid.
The two-headed ogre is almost dead.
You slash the two-headed ogre!
You kill the two-headed ogre!
Training target 5.0 for Dodging reached!
Your Axes skill increases to level 10!
Your Dodging skill increases to level 5!
You have reached level 9!
Your experience leads to an increase in your attributes!
Increase (S)trength, (I)ntelligence, or (D)exterity?
You feel stronger.
You slash the jelly!
Your hands burn!
* * * LOW HITPOINT WARNING * * *
Your library has no spells.
You don't know any spells.
Evoke which item? (* to show all) (? for menu, Esc to quit)
You draw a card...
It is the Elixir.
You begin rapidly regenerating magic.
The bullfrog hits you.
You die...
Your body disappears without a glow.

..#...# ..#...#...
...#...#...#...#..
...?#..!#...#...#.
...#...#...#...#..#
..#...#)..#...#...#
..................#
......†.[††..##..###
.......[JF........<#
.........@.........#
..........<........#
.##########........#
...............#
.......))).....#
............####
............#
............#
............#


You could see a bullfrog and a jelly.

Vanquished Creatures
  A two-headed ogre (D:6)
  An ice beast (D:5)
  2 phantoms (D:5)
  2 ogres (D:6)
  A centaur (D:4)
  A scorpion (D:6)
  2 howler monkeys (D:6)
  A crimson imp (D:5)
  2 centaur zombies (D:5)
  A bullfrog zombie (D:5)
  A centaur skeleton (D:4)
  An orc priest (D:4)
  2 iguanas
  4 orc wizards (D:4)
  2 worker ants
  A hound skeleton (D:6)
  2 gnolls
  8 adders
  2 shadow imps
  An adder skeleton (D:4)
  A worm (D:2)
  A dart slug (D:2)
  3 leopard geckos
  26 orcs
  4 giant cockroaches
  5 goblins
  6 hobgoblins
  9 jackals
  2 quokkas
  9 bats
  2 frilled lizards
  A giant cockroach zombie (D:5)
  11 kobolds
  2 leopard gecko skeletons
  4 rats
124 creatures vanquished.

Vanquished Creatures (collateral kills)
  2 gnolls (D:6)
  An adder (D:5)
3 creatures vanquished.

Vanquished Creatures (others)
  Sigmund (D:5)
1 creature vanquished.

Grand Total: 128 creatures vanquished

Notes
Turn   | Place    | Note
-------+----------+-------------------------------------------
     0 | D:1      | Gildeon the Minotaur Fighter began the quest for the Orb.
     0 | D:1      | Reached XP level 1. HP: 19/19 MP: 0/0
   247 | D:1      | Reached skill level 3 in Axes
   247 | D:1      | Reached XP level 2. HP: 27/27 MP: 1/1
   378 | D:1      | Reached XP level 3. HP: 33/33 MP: 2/2
   545 | D:2      | Found a sparkling altar of Nemelex Xobeh.
   676 | D:2      | Became a worshipper of Nemelex Xobeh the Trickster
   684 | D:2      | Received a gift from Nemelex Xobeh
   708 | D:2      | Reached skill level 4 in Axes
   779 | D:2      | Reached XP level 4. HP: 41/41 MP: 3/3
  1273 | D:2      | Upgraded the game from 0.23-a0-151-gf6d1ed2 to
                  | 0.23-a0-164-g7711e57
  1318 | D:3      | Found a white marble altar of Elyvilon.
  1550 | D:3      | Reached XP level 5. HP: 27/47 MP: 4/4
  1722 | D:3      | Found a shattered altar of Ashenzari.
  1917 | D:3      | Reached skill level 5 in Axes
  2016 | D:3      | Found a burning altar of Makhleb.
  2094 | D:3      | Received a gift from Nemelex Xobeh
  2282 | D:4      | Reached * piety under Nemelex Xobeh
  2313 | D:4      | Reached skill level 5 in Fighting
  2386 | D:4      | Reached skill level 5 in Armour
  2447 | D:4      | Reached skill level 1 in Dodging
  2447 | D:4      | Reached XP level 6. HP: 33/56 MP: 5/5
  2495 | D:4      | Reached skill level 6 in Axes
  2662 | D:4      | Found an ancient bone altar of Kikubaaqudgha.
  2806 | D:4      | Reached skill level 1 in Invocations
  3157 | D:5      | Entered Level 5 of the Dungeon
  3203 | D:5      | Reached skill level 7 in Axes
  3203 | D:5      | Reached XP level 7. HP: 56/61 MP: 7/7
  3251 | D:5      | Found a sacrificial altar of Ru.
  3365 | D:5      | Found a radiant altar of Vehumet.
  3370 | D:5      | Received a gift from Nemelex Xobeh
  3437 | D:5      | Noticed Blork the orc
  3441 | D:5      | Noticed Blork
  3441 | D:5      | Blork the orc changed into Blork the adder
  3441 | D:5      | Killed Blork the adder
  3551 | D:5      | Reached skill level 8 in Axes
  3662 | D:5      | Reached ** piety under Nemelex Xobeh
  3678 | D:5      | Noticed Sigmund
  3683 | D:5      | Killed Sigmund
  3683 | D:5      | Reached XP level 8. HP: 68/68 MP: 9/9
  3852 | D:6      | Reached skill level 9 in Axes
  3853 | D:6      | Noticed a two-headed ogre
  3865 | D:6      | HP: 3/68 [two-headed ogre/giant club (10)]
  3870 | D:6      | Killed a two-headed ogre
  3870 | D:6      | Reached skill level 10 in Axes
  3870 | D:6      | Reached skill level 5 in Dodging
  3870 | D:6      | Reached XP level 9. HP: 4/74 MP: 11/11
  3870 | D:6      | HP: 3/74 [acid[a boggart] (1)]
  3871 | D:6      | Slain by a bullfrog

Vault maps used:
D:1:      minmay_arrival_radiant_lines, minivault_23, st_stairs_14
D:2:      nemelex_xobeh_ov_fountains_minmay, cheibrodos_gnoll_hut
D:3:      elyvilon_altar_4, marbit_many_paths, nicolae_ashenzari_panopticon
D:4:      old_standard_altar
D:5:      nicolae_overflow_crystal_walls, basic_altar, first_ration,
          st_stairs_7, uniq_blork_the_orc, uniq_sigmund
D:6:      cheibrodos_fzero, lemuel_blue_sif_altar, lemuel_temple_firewalk_a

Skill      XL: |  1  2  3  4  5  6  7  8 |
---------------+-------------------------+-----
Axes           | 3 4 5 7 8 10 | 10.3
Fighting       | 4 5 |  5.0
Armour         | 4 5 |  5.0
Dodging        | 1 2 3 5 |  5.4
Invocations    | 2 3 4 |  4.8
Shields        | |  3.6

Action                   |  1- 3 |  4- 6 |  7- 9 || total
-------------------------+-------+-------+-------++-------
Melee: War axe           |    58 |   148 |    64 ||   270
       Headbutt          |     9 |    29 |    15 ||    53
 Fire: Shortbow          |       |     1 |       ||     1
Evoke: Deck              |       |       |    12 ||    12
  Use: Scroll            |       |    16 |       ||    16
 Stab: Petrified         |       |       |     1 ||     1
  Eat: Chunk             |       |     7 |     2 ||     9
Armor: Scale mail        |    44 |     2 |       ||    46
       Chain mail        |       |    88 |    37 ||   125
Dodge: Dodged            |    41 |    48 |    27 ||   116

Table legend:
 A = Non-vault XP
 B = Vault XP
 C = Vault XP percentage of total XP
 D = Non-vault monster count
 E = Vault monster count
 F = Vault count percentage of total count
                 A         B        C        D         E       F
            +---------+---------+-------+---------+---------+-------
      Total |    1539 |    1359 |  46.9 |     111 |      17 |  13.3
            +---------+---------+-------+---------+---------+-------
        D:1 |      44 |       2 |   4.3 |      27 |       1 |   3.6
        D:2 |      76 |      19 |  20.0 |      15 |       3 |  16.7
        D:3 |      96 |       1 |   1.0 |      19 |       1 |   5.0
        D:4 |     469 |       0 |   0.0 |      30 |       0 |   0.0
        D:5 |     602 |     220 |  26.8 |      15 |       3 |  16.7
        D:6 |     252 |    1117 |  81.6 |       5 |       9 |  64.3
            +---------+---------+-------+---------+---------+-------
